 Dungeon Crawl Stone Soup version 0.28.0 (webtiles) character file.

Game seed: 13194546816880500719

11 Prodoman the Magician (level 2, 0/19 HPs)
             Began as a Demonspawn Hedge Wizard on Feb 4, 2022.
             Slain by a hobgoblin (4 damage)
             ... on level 1 of the Dungeon.
             The game lasted 00:01:31 (511 turns).

Prodoman the Magician (Demonspawn Hedge Wizard)      Turns: 511, Time: 00:01:33

Health: 0/19       AC:  2    Str: 10    XL:     2   Next: 13%
Magic:  0/6        EV: 12    Int: 15    God:
Gold:   0          SH:  0    Dex: 12    Spells: 6/7 levels left

rFire   . . .      SeeInvis .   a - +0 dagger
rCold   . . .      Faith    .   (no shield)
rNeg    . . .      Spirit   .   b - +0 robe
rPois   .          Reflect  .   c - +0 hat
rElec   .          Harm     .   (no cloak)
rCorr   .          Rampage  .   (no gloves)
Will    .....                   (no boots)
Stlth   ++........              (no amulet)
HPRegen 0.06/turn               (no ring)
MPRegen 0.10/turn               (no ring)

@: no status effects
A: demonic guardian 1
a: no special abilities


You were on level 1 of the Dungeon.
You visited 1 branch of the dungeon, and saw 1 of its levels.

Inventory:

Hand Weapons
 a - a +0 dagger (weapon)
Armour
 b - a +0 robe (worn)
 c - a +0 hat (worn)
Scrolls
 e - a scroll of teleportation {unknown}
Potions
 d - a potion of might {unknown}


   Skills:
 + Level 1.9 Dodging
 + Level 1.9 Stealth
 * Level 3.1 Spellcasting
 + Level 1.2 Conjurations
 + Level 1.1 Summonings
 + Level 1.1 Translocations


You had 6 spell levels left.
You knew the following spells:

 Your Spells              Type           Power      Damage    Failure   Level
a - Magic Dart            Conj           24%        1d4       12%         1

Your spell library contained the following spells:

 Spells                   Type           Power      Damage    Failure   Level
 Blink                    Tloc           10%        N/A       19%         2
 Call Imp                 Summ           5%         N/A       19%         2
 Slow                     Hex            8%         N/A       21%         1
 Conjure Flame            Conj/Fire      4%         6-21      43%         3
 Mephitic Cloud           Conj/Pois/Air  3%         N/A       45%         3


Dungeon Overview and Level Annotations

Branches:
Dungeon (1/15)

Altars:


Innate Abilities, Weirdness & Mutations

A weak demonic guardian rushes to your aid.


Message History

Confirm with . or Enter, or press ? or * to list all spells.
Aiming: Magic Dart (safe; 12% risk of failure)
Press: ? - help, Shift-Dir - straight line, f/p - dart slug
Aim: a dart slug (severely wounded, 100% to hit)
The magic dart hits the dart slug.
You kill the dart slug!
A hobgoblin comes into view. It is wielding a +0 short sword.
Your magical contamination has completely faded away.
You start resting.
A hobgoblin is nearby!
Casting: Magic Dart (safe; 12% risk of failure)
Confirm with . or Enter, or press ? or * to list all spells.
Aiming: Magic Dart (safe; 12% risk of failure)
Press: ? - help, Shift-Dir - straight line, f - hobgoblin
Aim: a hobgoblin, wielding a +0 short sword (wandering, hasn't noticed you, 100% to hit)
The magic dart hits the hobgoblin.
The hobgoblin is moderately wounded.
Hit: a) +0 dagger
Press: ? - help, Dir - move target, f/p - hobgoblin
Aim: a hobgoblin, wielding a +0 short sword (moderately wounded, about 38% to evade your +0 dagger)
You closely miss the hobgoblin.
The hobgoblin is moderately wounded.
The hobgoblin completely misses you.
Hit: a) +0 dagger
Press: ? - help, Dir - move target, f/p - hobgoblin
Aim: a hobgoblin, wielding a +0 short sword (moderately wounded, about 38% to evade your +0 dagger)
You barely miss the hobgoblin.
The hobgoblin is moderately wounded.
The hobgoblin hits you with a +0 short sword!
* * * LOW HITPOINT WARNING * * *
A demonic guardian appears!
Casting: Magic Dart (safe; 12% risk of failure)
Confirm with . or Enter, or press ? or * to list all spells.
Aiming: Magic Dart (safe; 12% risk of failure)
Press: ? - help, Shift-Dir - straight line, f/p - hobgoblin
Aim: a hobgoblin, wielding a +0 short sword (moderately wounded, ally target, 100% to hit)
The magic dart hits the hobgoblin.
The hobgoblin is severely wounded.
The hobgoblin hits you with a +0 short sword.
You die...

..... .... .....#.##
#... ..... . #..#
......# # # #..## ... .
#.#.#...# ....#####
....#.#.########.#.)....
#...............g5......
#####.#..##### #@#
#.##.# #.# ####.##.#
##.#####.# #....##.##
#......... #...###..#
#.######.# #...# ##.##
#.# #...#
#..####[######. ##.##
##.............#
#.######..##.....#...#


You could see a hobgoblin (ally target) and a friendly shadow imp (summoned).

Vanquished Creatures
  A dart slug (D:1)
  An endoplasm (D:1)
  A goblin (D:1)
  2 hobgoblins (D:1)
  2 kobolds (D:1)
  A frilled lizard (D:1)
8 creatures vanquished.

Notes
Turn   | Place    | Note
-------+----------+-------------------------------------------
     0 | D:1      | Prodoman the Demonspawn Hedge Wizard began the quest for
                  | the Orb.
     0 | D:1      | Reached XP level 1. HP: 13/13 MP: 4/4
   276 | D:1      | Reached skill level 1 in Translocations
   457 | D:1      | Gained mutation: A weak demonic guardian rushes to your
                  | aid. [demonic ancestry]
   457 | D:1      | Reached XP level 2. HP: 9/19 MP: 3/6
   511 | D:1      | Slain by a hobgoblin

Illustrated notes

Levels and vault maps discovered:
D:1:      scummos_arrival_simple_crosswalls, layout_basic

Skill      XL: |  1 |
---------------+----+-----
Translocations | 1 |  1.1
Dodging        | |  1.9
Stealth        | |  1.9
Spellcasting   | |  3.1
Conjurations   | |  1.2
Summonings     | |  1.1

Action                   || total
-------------------------++-------
Melee: Dagger            ||    23
 Cast: Magic Dart        ||    20
Armor: Robe              ||     4
Dodge: Dodged            ||    14
